 Dungeon Crawl Stone Soup version 0.17.0-7-gfadd4cc (webtiles) character file.

17096 JudasIscariot the Nimble (level 12, -7/76 HPs)
             Began as a Kobold Berserker on Nov 8, 2015.
             Was a High Priest of Trog.
             Mangled by a spiny frog (11 damage)
             ... on level 3 of the Lair of Beasts on Nov 9, 2015.
             The game lasted 01:02:06 (13860 turns).

JudasIscariot the Nimble (Kobold Berserker)        Turns: 13860, Time: 01:02:06

Health: -7/76      AC: 12    Str: 16    XL:     12   Next: 78%
Magic:  12/12      EV: 25    Int:  7    God:    Trog [*****.]
Gold:   677        SH:  0    Dex: 17    Spells: 0 memorised, 11 levels left

rFire  + . .     SeeInvis .     o - +1 short sword (venom)
rCold  + . .     Clarity  +     Y - +2 leather armour "Huazieca" {rPois Int+2 Dex-3}
rNeg   + . .     SustAt   .     (shield restricted)
rPois  +         Gourm    .     Z - +2 helmet
rElec  .         Spirit   .     B - +0 cloak
rCorr  .         Warding  .     s - +0 pair of gloves
rMut   .         Stasis   .     g - +0 pair of boots
MR     ++...                    f - amulet of clarity
Stlth  ++++++....               v - ring of poison resistance
                                H - ring of positive energy

@: lethally poisoned (-7 -> -7), regenerating, very resistant to hostile
enchantments, very stealthy
A: hooves 1, carnivore 3, cold resistance 1, fire resistance 1
a: Berserk, Trog's Hand, Brothers in Arms, Burn Spellbooks, Renounce Religion


You were on level 3 of the Lair of Beasts.
You worshipped Trog.
Trog was extremely pleased with you.
You were completely stuffed.

You visited 2 branches of the dungeon, and saw 14 of its levels.

You collected 677 gold pieces.

Inventory:

Hand Weapons
 e - a +2 dagger of freezing
 k - a +2 rapier of draining
 o - a +1 short sword of venom (weapon)
 G - a +2 rapier of electrocution
 P - a +0 blowgun
 Q - the +9 hand axe "Uloagyxt" {flame, Int+4}
   (You found it on level 7 of the Dungeon)

   It has been specially enchanted to burn those struck by it, causing extra
   injury to most foes and up to half again as much damage against particularly
   susceptible opponents.
   Big, fiery blades are also staple armaments of hydra-hunters.
   It affects your intelligence (+4).
Missiles
 b - 27 poisoned needles (quivered)
 I - 8 curare-tipped needles
 J - 11 needles of confusion
Armour
 g - a +0 pair of boots (worn)
 h - a +0 troll leather armour
 s - a +0 pair of gloves (worn)
 B - a +0 cloak (worn)
 V - a steam dragon hide
 Y - the +2 leather armour "Huazieca" (worn) {rPois Int+2 Dex-3}
   (You found it on level 1 of the Lair of Beasts)

   It affects your intelligence (+2).
   It affects your dexterity (-3).
   It protects you from poison.
 Z - a +2 helmet (worn)
Jewellery
 f - an amulet of clarity (around neck)
 v - a ring of poison resistance (right hand)
 H - a ring of positive energy (left hand)
 U - an uncursed ring of ice
Wands
 y - a wand of disintegration (9)
 C - a wand of fire (5)
 K - a wand of frost (27)
 R - a wand of teleportation (4)
 S - a wand of magic darts (21)
 T - a wand of lightning (7)
 W - a wand of random effects (14)
 X - a wand of polymorph (11)
Scrolls
 m - 8 scrolls of remove curse
 n - 3 scrolls of fear
 t - a scroll of enchant weapon
 u - 5 scrolls of magic mapping
 w - 4 scrolls of teleportation
 x - 3 scrolls of recharging
 D - 2 scrolls of fog
Potions
 a - 2 potions of heal wounds
 d - 3 potions of cancellation
 i - 2 potions of agility
 j - 2 potions of brilliance
 q - 2 potions of flight
 r - 4 potions of haste
 F - a potion of invisibility {unknown}
 L - a potion of ambrosia {unknown}
 M - 4 potions of curing {unknown}
 N - 3 potions of might {unknown}
 O - a potion of poison {unknown}
Comestibles
 c - 4 meat rations
 l - 5 beef jerkies
 p - 10 royal jellies
 z - a slice of pizza
 E - a chunk of flesh


   Skills:
 * Level 9.6 Fighting
 * Level 13.0 Short Blades
 + Level 1.4 Throwing
 + Level 3.3 Armour
 * Level 14.0 Dodging
 * Level 12.4 Stealth


You had 11 spell levels left.
You didn't know any spells.

Dungeon Overview and Level Annotations

Branches:
Dungeon (11/15)            Temple (0/1) D:5            Lair (3/8) D:11
 Spider (0/4) Lair:3
  Swamp: Lair:3-6    Shoals: Lair:3-6       Orc: D:9-12

Altars:
Cheibriados
Fedhas
Nemelex Xobeh
Okawaru
Ru
Trog
Yredelemnul
The Shining One

Annotations:
D:8 exclusion: obsidian statue
Lair:1 exclusion: oklob plant


Innate Abilities, Weirdness & Mutations

You are small and have problems with some larger weapons.
You are carnivorous and can eat meat at any time.
You have large cloven feet.
Your flesh is cold resistant.
Your flesh is heat resistant.


Message History

You feel resistant to hostile enchantments.
You feel slightly less full. The spiny frog stings you!
* * * LOW HITPOINT WARNING * * *
You are poisoned.
The spiny frog poisons you!
You puncture the spiny frog!
The spiny frog is poisoned.
The spiny frog is severely wounded.
You feel sick. The spiny frog barely misses you.
You hit the spiny frog but do no damage.
The spiny frog looks even sicker.
The spiny frog is severely wounded.
You feel sick.
You hit the spiny frog but do no damage.
The spiny frog is severely wounded.
The spiny frog stings you!
* * * LOW HITPOINT WARNING * * *
You puncture the spiny frog!
The spiny frog is almost dead.
You feel sick. The spiny frog stings you!
You die...

#### . .......<... ##.## .#.##.#
#..##....# #P..#
......#.##....#...# ##..##
..................######## ##...#
....#.###..........P.#.#.###..###
#####..#..#...r.r............#.#
..##...##.#r...rrr..........#.#.#
##.....##....###F#.#..=....#.#.##
##.#.P.......###@####...#####.##
.......##.#......## #....# .#
...P..............# ##..P# #
##.#...r........... #..##
.#(....#.#.......... ....
P#.#..##..P.....#.......P#
.............#.#.P.#.#.###
...........<.###....##
..................#


You could see a spiny frog and 5 river rats.

Vanquished Creatures
  Gastronok (Lair:1)
  A centaur warrior (D:10)
  Sonja (Lair:2)
  The ghost of septik the Basher, a novice GrFi of Okawaru (D:10)
  A hill giant (D:11)
  A necromancer (D:11)
  A griffon (Lair:2)
  A cyclops (D:11)
  An ugly thing (D:7)
  A manticore (D:11)
  A komodo dragon (Lair:2)
  A spiny frog (Lair:1)
  A fire drake (Lair:3)
  4 trolls
  A two-headed ogre (D:10)
  6 blink frogs
  The ghost of septik the Cudgeler, an amateur GrFi (D:5)
  A hippogriff (Lair:2)
  A deep elf mage (D:10)
  A basilisk (Lair:3)
  Eustachio (D:6)
  A steam dragon (D:8)
  7 wolves
  Menkaure (D:6)
  3 yaks (Lair:2)
  6 porcupines
  The ghost of SKei0 the Sneak, an amateur VSAs (D:3)
  3 water moccasins
  3 orc warriors
  A sky beast (D:11)
  7 ogres
  A necrophage (D:9)
  An ice beast (D:5)
  An eye of draining (D:8)
  2 crocodiles
  5 centaurs
  A gnoll sergeant (D:11)
  6 giant frogs
  A wyvern zombie (D:9)
  A wyvern skeleton (D:8)
  A water moccasin zombie (D:5)
  11 killer bees
  An electric eel (D:11)
  A giant frog zombie (D:6)
  4 crimson imps
  3 jellies (D:9)
  10 hounds
  A centaur skeleton (D:6)
  2 giant frog skeletons (D:5)
  An orc priest (D:9)
  6 iguanas
  A quasit (D:10)
  8 worker ants
  A polar bear simulacrum (D:11)
  5 orc wizards
  A wolf simulacrum (D:11)
  2 hound zombies
  2 hound skeletons
  3 worker ant zombies
  15 gnolls
  14 adders
  29 river rats (Lair:2)
  A shadow imp (D:7)
  5 oozes (D:9)
  2 adder zombies
  4 worms
  6 giant geckos
  50 orcs
  8 bats
  6 giant cockroaches
  14 goblins
  13 hobgoblins
  3 jackals
  6 quokkas
  A ball python (D:4)
  2 giant cockroach zombies
  A giant gecko skeleton (D:6)
  A giant gecko zombie (D:6)
  4 giant newts
  A jackal skeleton (D:6)
  21 kobolds
  2 quokka skeletons
  6 rats
360 creatures vanquished.

Vanquished Creatures (collateral kills)
  A blink frog (Lair:3)
  2 porcupines (Lair:3)
  A crocodile (Lair:3)
  A killer bee (D:8)
5 creatures vanquished.

Vanquished Creatures (others)
  4 fungi
4 creatures vanquished.

Grand Total: 369 creatures vanquished

Notes
Turn   | Place    | Note
--------------------------------------------------------------
     0 | D:1      | JudasIscariot the Kobold Berserker began the quest for the Orb.
     0 | D:1      | Reached XP level 1. HP: 14/14 MP: 1/1
   255 | D:1      | Reached XP level 2. HP: 14/19 MP: 2/2
   937 | D:1      | Reached XP level 3. HP: 18/23 MP: 3/3
  1130 | D:1      | Reached ** piety under Trog
  1942 | D:2      | Reached skill level 1 in Stealth
  1970 | D:2      | Reached XP level 4. HP: 29/29 MP: 4/4
  2163 | D:2      | Reached skill level 5 in Short Blades
  2522 | D:2      | Reached XP level 5. HP: 33/33 MP: 5/5
  2623 | D:3      | Reached *** piety under Trog
  2710 | D:3      | Noticed SKei0's ghost (amateur VSAs)
  2728 | D:3      | Killed SKei0's ghost
  2728 | D:3      | Reached skill level 5 in Dodging
  2728 | D:3      | Reached XP level 6. HP: 36/38 MP: 6/6
  3657 | D:4      | Reached XP level 7. HP: 38/44 MP: 7/7
  3774 | D:4      | HP: 2/44 [ogre/giant club (19)]
  3775 | D:4      | Reached skill level 6 in Short Blades
  4529 | D:4      | Found a sacrificial altar of Ru.
  4614 | D:5      | Entered Level 5 of the Dungeon
  4614 | D:5      | Found a bloodstained altar of Trog.
  4783 | D:5      | Noticed septik's ghost (amateur GrFi)
  4795 | D:5      | Killed septik's ghost
  4795 | D:5      | Reached skill level 5 in Fighting
  4795 | D:5      | Reached skill level 7 in Dodging
  4795 | D:5      | Reached XP level 8. HP: 49/49 MP: 8/8
  4817 | D:5      | Found a staircase to the Ecumenical Temple.
  4977 | D:5      | Reached **** piety under Trog
  5563 | D:6      | Reached skill level 8 in Dodging
  5743 | D:6      | Reached XP level 9. HP: 23/55 MP: 9/9
  5944 | D:6      | Noticed Eustachio
  6036 | D:6      | Killed Eustachio
  6036 | D:6      | Reached skill level 5 in Stealth
  6062 | D:6      | Reached skill level 9 in Dodging
  6275 | D:6      | Noticed Menkaure
  6279 | D:6      | Killed Menkaure
  7115 | D:7      | Reached ***** piety under Trog
  7198 | D:7      | Found a bloodstained altar of Trog.
  7200 | D:7      | Found a snail-covered altar of Cheibriados.
  7202 | D:7      | Found a sparkling altar of Nemelex Xobeh.
  7202 | D:7      | Found a blossoming altar of Fedhas.
  7203 | D:7      | Found a glowing golden altar of the Shining One.
  7203 | D:7      | Found a basalt altar of Yredelemnul.
  7211 | D:7      | Noticed a white ugly thing
  7226 | D:7      | Killed a white ugly thing
  7226 | D:7      | Reached skill level 10 in Dodging
  7728 | D:7      | Got an ivory hand axe
  7729 | D:7      | Identified the +9 hand axe "Uloagyxt" {flame, Int+4} (You found it on level 7 of the Dungeon)
  7832 | D:7      | Reached XP level 10. HP: 44/61 MP: 10/10
  7847 | D:7      | HP: 1/61 [orc warrior/short sword (20)]
  8576 | D:8      | Noticed an obsidian statue
  9040 | D:9      | Reached skill level 11 in Dodging
  9212 | D:9      | Reached skill level 10 in Short Blades
  9721 | D:10     | Entered Level 10 of the Dungeon
  9988 | D:10     | Noticed septik's ghost (novice GrFi)
 10017 | D:10     | Killed septik's ghost
 10017 | D:10     | Reached skill level 10 in Stealth
 10017 | D:10     | Reached XP level 11. HP: 56/67 MP: 11/11
 10024 | D:10     | Noticed a centaur warrior
 10024 | D:10     | Noticed a cyclops
 10033 | D:10     | Killed a centaur warrior
 10033 | D:10     | Reached skill level 12 in Dodging
 10063 | D:11     | Noticed a manticore
 10200 | D:11     | Killed a manticore
 10274 | D:11     | Noticed a necromancer
 10290 | D:11     | Killed a necromancer
 10348 | D:11     | Noticed an eight-headed hydra
 10356 | D:11     | Noticed a hill giant
 10356 | D:11     | Killed a hill giant
 10472 | D:11     | Noticed a cyclops
 10493 | D:11     | Killed a cyclops
 10664 | D:11     | Found a staircase to the Lair.
 10705 | Lair:1   | Entered Level 1 of the Lair of Beasts
 10729 | Lair:1   | Got a fine leather armour
 10740 | Lair:1   | Identified the +2 leather armour "Huazieca" {rPois Int+2 Dex-3} (You found it on level 1 of the Lair of Beasts)
 10811 | Lair:1   | Received a gift from Trog
 10921 | Lair:1   | Gained mutation: Your flesh is cold resistant. [potion of mutation]
 10921 | Lair:1   | Gained mutation: Your flesh is heat resistant. [potion of mutation]
 10921 | Lair:1   | Gained mutation: You have large cloven feet. [potion of mutation]
 10982 | Lair:1   | Reached skill level 13 in Dodging
 11116 | Lair:1   | Reached XP level 12. HP: 34/75 MP: 12/12
 11121 | Lair:1   | Reached skill level 1 in Throwing
 11170 | Lair:1   | Noticed Gastronok
 11199 | Lair:1   | Killed Gastronok
 11884 | Lair:1   | Found an iron altar of Okawaru.
 11885 | Lair:1   | Noticed an oklob plant
 12618 | Lair:2   | Noticed Sonja
 12625 | Lair:2   | Killed Sonja
 13570 | Lair:3   | Found a hole to the Spider Nest.
 13638 | Lair:3   | Reached skill level 14 in Dodging
 13748 | Lair:3   | Received a gift from Trog
 13860 | Lair:3   | Mangled by a spiny frog

Action                   |  1- 3 |  4- 6 |  7- 9 | 10-12 || total
-------------------------+-------+-------+-------+-------++-------
Melee: Short sword       |   174 |   260 |   245 |   167 ||   846
       Dagger            |       |       |   327 |    13 ||   340
       Rapier            |       |       |    92 |   558 ||   650
 Fire: Blowgun           |       |       |       |     9 ||     9
Invok: Berserk           |       |     1 |     4 |     4 ||     9
       Trog's Hand       |       |     1 |     1 |     2 ||     4
       Brothers in Arms  |       |       |       |     2 ||     2
       Burn Spellbooks   |       |       |       |     1 ||     1
  Use: Potion            |       |       |     2 |     7 ||     9
       Scroll            |       |       |     4 |    20 ||    24
 Stab: Sleeping          |       |     3 |    22 |    29 ||    54
       Distracted        |       |       |       |     1 ||     1
  Eat: Chunk             |    12 |     7 |    18 |    26 ||    63
